 Dungeon Crawl Stone Soup version 0.20.0-8-g6b59dc7 (webtiles) character file.

294 Rrauwl the Chopper (level 6, 0/56 HPs)
             Began as a Minotaur Assassin on May 30, 2017.
             Slain by a hound skeleton (2 damage)
             ... on level 4 of the Dungeon.
             The game lasted 00:07:37 (2638 turns).

Rrauwl the Chopper (Minotaur Assassin)              Turns: 2638, Time: 00:07:38

Health: 0/56       AC:  3    Str: 15    XL:     6   Next: 11%
Magic:  5/5        EV: 12    Int:  8    God:
Gold:   128        SH:  0    Dex: 14    Spells: 5/5 levels left

rFire    . . .     SeeInvis .   r - +0 hand axe (drain)
rCold    . . .     Gourm    +   (no shield)
rNeg     . . .     Faith    .   c - +0 robe
rPois    .         Spirit   .   (helmet restricted)
rElec    .         Reflect  .   d - +0 cloak
rCorr    .         Harm     .   (no gloves)
MR       .....                  (no boots)
Stlth    ++........             n - amulet of the gourmand
Regen    0.2/turn               j - ring of wizardry
MPRegen  0.1/turn               (no ring)

@: no status effects
A: retaliatory headbutt, horns 2
a: no special abilities


You were on level 4 of the Dungeon.
You were completely stuffed.

You visited 1 branch of the dungeon, and saw 4 of its levels.

You collected 128 gold pieces.

Inventory:

Hand Weapons
 r - a +0 hand axe of draining (weapon)
Missiles
 b - 3 silver tomahawks (quivered)
Armour
 c - a +0 robe (worn)
 d - a +0 cloak (worn)
Jewellery
 j - a ring of wizardry (left hand)
 n - an amulet of the gourmand (around neck)
Scrolls
 e - a scroll of enchant weapon {unknown}
 m - 2 scrolls of identify
Comestibles
 a - 3 chunks of flesh
 g - 4 bread rations
 i - 2 meat rations
 k - 2 royal jellies


   Skills:
 - Level 5.0 Fighting
   Level 2.1 Short Blades
 + Level 5.7 Axes
 - Level 2.0 Throwing
 - Level 1.1 Dodging
 - Level 3.2 Stealth


You had 5 spell levels left.
You didn't know any spells.

Dungeon Overview and Level Annotations

Branches:
Dungeon (4/15)
 Temple: D:4-7

Altars:
Elyvilon
Ru
Sif Muna
Trog
Uskayaw
Yredelemnul
The Shining One


Innate Abilities, Weirdness & Mutations

You reflexively headbutt those who attack you in melee.
You have a pair of horns on your head.


Message History

You miss something. The hound skeleton bites you.
* * * LOW HITPOINT WARNING * * *
The orc wizard hits you but does no damage.
The orc wizard casts a spell.
The orc wizard flickers and vanishes!
The hound skeleton closely misses you. You furiously retaliate!
You headbutt the hound skeleton! You slash the orc wizard!
You kill the orc wizard!
You have reached level 6!
Your experience leads to an increase in your attributes!
Increase (S)trength, (I)ntelligence, or (D)exterity?
You feel agile.
You miss something. You hit the orc but do no damage.
You hit the hound skeleton.
You hear some strange, mumbled words.
A puff of flame appears from out of thin air!
The puff of flame hits you!
* * * LOW HITPOINT WARNING * * *
The orc completely misses you. The hound skeleton bites you.
You die...

.... ##...
##.... ....{o#
....... #
....... .#
......)###.#
......Z@...##.#
#..###o.<.....#
...(...........
#.###..########
....# ####.#
#.# #.# 8.


You could see 2 orcs and a hound skeleton.

Vanquished Creatures
  An orc priest (D:4)
  4 orc wizards
  6 adders
  2 oozes (D:2)
  A worm (D:2)
  3 dart slugs (D:3)
  3 leopard geckos (D:1)
  7 orcs
  A giant cockroach (D:2)
  8 goblins
  11 hobgoblins
  4 jackals (D:1)
  6 kobolds
  A quokka (D:2)
  10 bats
  2 frilled lizards
  7 rats
77 creatures vanquished.

Notes
Turn   | Place    | Note
-------+----------+-------------------------------------------
     0 | D:1      | Rrauwl the Minotaur Assassin began the quest for the Orb.
     0 | D:1      | Reached XP level 1. HP: 18/18 MP: 0/0
   126 | D:1      | Reached XP level 2. HP: 26/26 MP: 1/1
   726 | D:1      | Reached XP level 3. HP: 33/33 MP: 2/2
  1113 | D:2      | Reached skill level 5 in Fighting
  1228 | D:2      | Found a deep blue altar of Sif Muna.
  1228 | D:2      | Found a basalt altar of Yredelemnul.
  1228 | D:2      | Found a hide-covered altar of Uskayaw.
  1396 | D:2      | Reached skill level 1 in Axes
  1412 | D:2      | Reached XP level 4. HP: 42/42 MP: 3/3
  1478 | D:2      | Found a bloodstained altar of Trog.
  1515 | D:2      | Found a white marble altar of Elyvilon.
  1521 | D:2      | Found a sacrificial altar of Ru.
  1528 | D:2      | Found a glowing golden altar of the Shining One.
  1912 | D:3      | Reached XP level 5. HP: 25/48 MP: 4/4
  2628 | D:4      | Reached skill level 5 in Axes
  2638 | D:4      | Reached XP level 6. HP: 10/56 MP: 5/5
  2638 | D:4      | HP: 2/56 [something/puff of flame (8)]
  2638 | D:4      | Slain by a hound skeleton

Skill      XL: |  1  2  3  4  5 |
---------------+----------------+-----
Fighting       | 3 4 5 |  5.0
Axes           | 1 3 5 |  5.7
Short Blades   | |  2.1
Throwing       | |  2.0
Dodging        | |  1.1
Stealth        | |  3.2

Action                   |  1- 3 |  4- 6 || total
-------------------------+-------+-------++-------
Melee: Dagger            |    72 |       ||    72
       Headbutt          |     9 |    14 ||    23
       Hand axe          |    11 |    78 ||    89
  Use: Potion            |     4 |     1 ||     5
       Scroll            |     1 |     8 ||     9
 Stab: Sleeping          |     5 |     2 ||     7
       Distracted        |     1 |       ||     1
  Eat: Chunk             |     8 |     9 ||    17
Armor: Robe              |     7 |    24 ||    31
Dodge: Dodged            |    68 |    40 ||   108
